 Dungeon Crawl Stone Soup version 0.21-a0-221-gfe971b9 (webtiles) character file.

67 Blomdor the Charlatan (level 4, 0/35 HPs)
             Began as a Barachi Artificer on Aug 26, 2017.
             Slain by an orc (5 damage)
             ... on level 3 of the Dungeon.
             The game lasted 00:02:18 (1826 turns).

Blomdor the Charlatan (Barachi Artificer)           Turns: 1826, Time: 00:02:19

Health: 0/35       AC:  4    Str: 14    XL:     4   Next: 18%
Magic:  6/6        EV: 11    Int: 11    God:
Gold:   87         SH:  0    Dex: 13    Spells: 3/3 levels left

rFire    . . .     SeeInvis .   a - +0 short sword
rCold    . . .     Gourm    .   (no shield)
rNeg     . . .     Faith    .   b - +0 leather armour
rPois    .         Spirit   .   (no helmet)
rElec    .         Reflect  .   l - +0 cloak
rCorr    .         Harm     .   (no gloves)
MR       .....                  (no boots)
Stlth    +.........             (no amulet)
HPRegen  0.11/turn              (no ring)
MPRegen  0.10/turn              (no ring)

@: drained, slow
A: +LOS, swims, slowness 1, strong legs 1
a: Hop


You were on level 3 of the Dungeon.
You were not hungry.

You visited 1 branch of the dungeon, and saw 3 of its levels.

You collected 87 gold pieces.

Inventory:

Hand Weapons
 a - a +0 short sword (weapon)
Armour
 b - a +0 leather armour (worn)
 l - a +0 cloak (worn)
Wands
 c - a wand of flame (14/48)
 d - a wand of enslavement (15/24)
 e - a wand of random effects (15/48)
Scrolls
 k - a scroll of identify {unknown}
Potions
 h - a potion of curing {unknown}
 i - a potion of might {unknown}
 m - a potion of lignification {unknown}
Comestibles
 f - 2 bread rations
 g - a meat ration


   Skills:
 + Level 3.2(2.4) Fighting
 - Level 1.1(0.3) Short Blades
 + Level 3.1(2.3) Armour
 - Level 2.1(1.4) Dodging
 - Level 0.8(0.0) Stealth
 - Level 3.2(2.4) Evocations


You had 3 spell levels left.
You didn't know any spells.

Dungeon Overview and Level Annotations

Branches:
Dungeon (3/15)

Altars:
Dithmenos
The Shining One


Innate Abilities, Weirdness & Mutations

Shadows flee at your approach. (+LOS)
You can swim through water.
You cover ground slowly.
You can hop short distances.


Message History

You hit the orc.
The orc is severely wounded.
The orc closely misses you.
You hit the orc.
You kill the orc!
You hit the orc.
The orc is heavily wounded.
The orc hits you.
* * * LOW HITPOINT WARNING * * *
You barely miss the orc.
The orc is heavily wounded.
The orc completely misses you.
You hit the orc but do no damage.
The orc is heavily wounded.
The orc hits you.
* * * LOW HITPOINT WARNING * * *
You hit the orc.
The orc is almost dead.
The orc hits you.
You die...

# #####.#
##.#####<....#.#
#.............%#
...#####.#######
#.# #># #@# #o#
#.# #.# .(# ###


You could see an orc.

Vanquished Creatures
  An adder (D:2)
  2 worms (D:2)
  4 dart slugs
  2 leopard geckos
  3 orcs (D:3)
  A giant cockroach (D:1)
  2 goblins
  7 hobgoblins
  2 jackals (D:1)
  3 kobolds (D:1)
  A ball python (D:2)
  A bat (D:2)
  3 frilled lizards (D:1)
  9 rats
41 creatures vanquished.

Vanquished Creatures (others)
  4 toadstools (D:1)
4 creatures vanquished.

Grand Total: 45 creatures vanquished

Notes
Turn   | Place    | Note
-------+----------+-------------------------------------------
     0 | D:1      | Blomdor the Barachi Artificer began the quest for the Orb.
     0 | D:1      | Reached XP level 1. HP: 15/15 MP: 3/3
    41 | D:1      | Reached skill level 1 in Armour
    46 | D:1      | Reached XP level 2. HP: 5/22 MP: 4/4
   415 | D:1      | You fall through a shaft!
   441 | D:2      | Reached XP level 3. HP: 22/28 MP: 5/5
   451 | D:2      | Found a shadowy altar of Dithmenos.
   876 | D:2      | Found a glowing golden altar of the Shining One.
  1001 | D:2      | Found a faded altar of an unknown god.
  1476 | D:2      | Reached XP level 4. HP: 19/35 MP: 6/6
  1826 | D:3      | Slain by an orc

Vault maps used:
D:1:      ldierk_water_garden, serial_forest, infiniplex_forest_clump_diagonal,
          infiniplex_forest_clump_medium, infiniplex_forest_clump_curved,
          infiniplex_forest_lined_ring, infiniplex_forest_lined_room_2,
          nrook_uturn
D:2:      overflow_temple_1_default, chequers_ecumenical_altar_simple,
          grunt_dithmenos_smoke_and_mirrors

Skill      XL: |  1  2  3  4 |
---------------+-------------+-----
Armour         | 1 2 3 |  3.1
Fighting       | 2 3 |  3.2
Short Blades   | |  1.1
Dodging        | |  2.1
Stealth        | |  0.8
Evocations     | |  3.2

Action                   |  1- 3 |  4- 6 || total
-------------------------+-------+-------++-------
Melee: Short sword       |   173 |    19 ||   192
 Abil: Hop               |     1 |       ||     1
Evoke: Wand              |     1 |       ||     1
  Use: Scroll            |     1 |       ||     1
 Stab: Sleeping          |       |     1 ||     1
  Eat: Chunk             |     2 |     2 ||     4
Armor: Leather armour    |    21 |     1 ||    22
Dodge: Dodged            |    95 |     7 ||   102

Table legend:
 A = Spawn XP
 B = Non-spawn XP
 C = Spawn XP percentage of total XP
 D = Spawn monster count
 E = Non-spawn monster count
 F = Spawn count percentage of total count
 G = Total turns spent on level
                    A         B        C        D         E        F      G
               +---------+---------+-------+---------+---------+-------+---------
         Total |       6 |      91 |   6.2 |       4 |      37 |   9.8 |  1826
               +---------+---------+-------+---------+---------+-------+---------
           D:1 |       6 |      41 |  12.8 |       4 |      21 |  16.0 |   922
           D:2 |       0 |      41 |   0.0 |       0 |      13 |   0.0 |   881
           D:3 |       0 |       9 |   0.0 |       0 |       3 |   0.0 |    23
               +---------+---------+-------+---------+---------+-------+---------
